 Dungeon Crawl Stone Soup version 0.21-a0-633-g4c047d5 (webtiles) character file.

5742 mortelune the Basher (level 10, -2/94 HPs)
             Began as a Deep Dwarf Fighter on Dec 28, 2017.
             Was a Priest of Makhleb.
             Splashed by Pikel's acid (10 damage)
             ... on level 8 of the Dungeon.
             The game lasted 00:29:47 (6537 turns).

mortelune the Basher (Deep Dwarf Fighter)           Turns: 6537, Time: 00:29:47

Health: -2/94      AC:  4    Str: 22    XL:     10   Next: 49%
Magic:  10/10      EV:  6    Int: 10    God:    Makhleb [***...]
Gold:   828        SH: 10    Dex: 12    Spells: 9/9 levels left

rFire    . . .     SeeInvis .   j - +3 whip (vamp)
rCold    . . .     Gourm    .   c - +0 shield
rNeg     . . .     Faith    .   m - +0 chain mail
rPois    .         Spirit   .   (no helmet)
rElec    .         Reflect  .   C - +0 cloak
rCorr    .         Harm     .   (no gloves)
MR       ++...                  (no boots)
Stlth    ..........             (no amulet)
HPRegen  0.00/turn              v - ring of protection from magic
MPRegen  0.12/turn              (no ring)

@: corroded, non-regenerating
A: damage resistance, heal wounds, sense surroundings 2, no regeneration
a: Heal Wounds, Minor Destruction, Lesser Servant of Makhleb, Renounce Religion


You were on level 8 of the Dungeon.
You worshipped Makhleb.
Makhleb was most pleased with you.
You were hungry.

You visited 2 branches of the dungeon, and saw 9 of its levels.
You also visited: Ossuary.

You collected 828 gold pieces.

Inventory:

Hand Weapons
 j - a +3 vampiric whip (weapon)
 z - a +0 broad axe
Armour
 c - a +0 shield (worn)
 m - a +0 chain mail (worn)
 C - a +0 cloak (worn)
Jewellery
 v - a ring of protection from magic (left hand)
Wands
 a - a wand of flame (30)
 f - a wand of polymorph (6)
 l - a wand of random effects (24)
 B - a wand of disintegration (15)
Scrolls
 b - a scroll of identify
 e - 2 scrolls of teleportation {unknown}
 h - 2 scrolls of immolation
 n - 2 scrolls of fog {unknown}
 p - 2 scrolls of fear
 r - a scroll of random uselessness {unknown}
 s - 3 scrolls of remove curse
 u - a scroll of enchant armour {unknown}
 y - a scroll of enchant weapon {unknown}
 D - a scroll of magic mapping {unknown}
 E - a scroll of summoning {unknown}
 H - a scroll of amnesia {unknown}
 J - 2 scrolls of blinking {unknown}
 M - a scroll of noise {unknown}
Potions
 d - 3 potions of might
 g - 2 potions of flight
 i - 2 potions of degeneration
 k - 2 potions of heal wounds
 o - a potion of agility {unknown}
 q - 3 potions of lignification
 w - 2 potions of curing {unknown}
 x - a potion of berserk rage {unknown}
 A - a potion of invisibility {unknown}
 G - a potion of haste {unknown}
 I - a potion of mutation {unknown}
 K - a potion of brilliance {unknown}
Books
 F - a book of Maledictions

   Spells                             Type                      Level
   a - Corona                         Hexes                        1
   b - Ensorcelled Hibernation        Hexes/Ice                    2
   c - Confuse                        Hexes                        3
   d - Tukima's Dance                 Hexes                        3
   e - Dazzling Spray                 Conjuration/Hexes            3
Comestibles
 t - 16 rations
 L - 13 chunks of flesh


   Skills:
 + Level 7.4 Fighting
 - Level 4.2(8.2) Axes
 * Level 9.9(10.2) Maces & Flails
 + Level 8.8 Armour
 + Level 6.1 Shields
 + Level 2.6 Invocations


You had 9 spell levels left.
You didn't know any spells.

Dungeon Overview and Level Annotations

Branches:
Dungeon (8/15)             Temple (1/1) D:5            Lair (0/6) D:8

Altars:
Ashenzari
Cheibriados
Dithmenos
Elyvilon
Fedhas
Gozag
Hepliaklqana
Makhleb
Nemelex Xobeh
Qazlal
Trog
Uskayaw
Vehumet
Wu Jian
Yredelemnul
The Shining One

Shops:
D:5 *

Annotations:
D:8 Pikel


Innate Abilities, Weirdness & Mutations

You are resistant to damage.
You can heal yourself by infusing magical energy.
You passively map the area around you.
You do not regenerate.


Message History

Your neqoxec gestures at Pikel.
The slave twists and deforms.
You feel much better. The slave misses your neqoxec. Pikel barely misses you.
You hit Pikel but do no damage.
Pikel is lightly wounded.
Pikel zaps a wand.
The bolt of acid hits you!
You are splashed with acid!
The acid burns!
* * * LOW HITPOINT WARNING * * *
You hit Pikel but do no damage.
Pikel is lightly wounded.
Your neqoxec hits the orc!
The orc dies!
Makhleb accepts your kill. The slave closely misses your neqoxec.
You closely miss Pikel.
Pikel is lightly wounded.
Pikel zaps a wand.
The bolt of acid hits you!
* * * LOW HITPOINT WARNING * * *
You are splashed with acid!
The acid burns!
You die...

##.).........# , , ** >
.###.).......##########...,
.#...#.........)[)()......
,
..####.......###p#oo..(...
* ).## #.......#
#3#.####..., ...# #########
#(#.# ., ,* ...##### #p#.#
* , .......# #K#.# * **
P#####.### ####@#.## .#
#..)###.....#..## ##
###)(##.######..##### #
##(#..# #.........#
###((.####.........#
##....(([(()........#
####..########..)......#
#.)).## #.........#
###.#### #.........#


You could see Pikel, 2 slaves and a friendly neqoxec.

Vanquished Creatures
  Erica (D:8)
  A komodo dragon (D:8)
  Prince Ribbit (D:5)
  A hippogriff (D:8)
  A spriggan (D:7)
  Sigmund (D:6)
  A basilisk (D:8)
  Eustachio (D:4)
  A hungry ghost (D:8)
  The ghost of Brandom the Grave Robber, an amateur TeNe of Yredelemnul (D:4)
  A water moccasin (D:7)
  A black bear (D:6)
  An ice beast (D:4)
  2 phantoms
  A necrophage (D:6)
  6 ogres
  4 centaurs
  10 bullfrogs
  A wyvern skeleton (D:8)
  2 scorpions
  5 killer bees (D:7)
  An electric eel (D:7)
  5 wights (D:6)
  3 crimson imps
  3 jellies
  4 orc priests
  4 hounds
  2 bullfrog skeletons
  2 orc wizards (D:6)
  3 iguanas
  3 worker ants
  8 mummies (Ossuary)
  10 adders
  3 gnolls (D:3)
  3 shadow imps
  An adder skeleton (D:4)
  3 dart slugs
  2 worms (D:2)
  2 leopard geckos
  32 orcs
  2 giant cockroaches
  8 goblins
  5 hobgoblins
  3 jackals (D:7)
  11 kobolds
  2 quokkas (D:3)
  2 ball pythons
  A ball python skeleton (D:4)
  7 bats
  2 frilled lizards (D:2)
  2 gnoll zombies (Ossuary)
  2 hobgoblin zombies (Ossuary)
  A jackal skeleton (D:8)
  A kobold zombie (Ossuary)
  3 orc zombies (Ossuary)
  2 quokka skeletons
  A quokka zombie (D:5)
  8 rats
201 creatures vanquished.

Vanquished Creatures (collateral kills)
  An orc (D:8)
1 creature vanquished.

Vanquished Creatures (others)
  3 orcs (D:8)
  3 plants (D:8)
6 creatures vanquished.

Grand Total: 208 creatures vanquished

Notes
Turn   | Place    | Note
-------+----------+-------------------------------------------
     0 | D:1      | mortelune the Deep Dwarf Fighter began the quest for the Orb.
     0 | D:1      | Reached XP level 1. HP: 20/20 MP: 1/1
   178 | D:1      | Reached XP level 2. HP: 27/27 MP: 2/2
   728 | D:2      | Reached XP level 3. HP: 34/34 MP: 3/3
   780 | D:2      | Found a blossoming altar of Fedhas.
   781 | D:2      | Found an opulent altar of Gozag.
  1008 | D:2      | Found a glowing golden altar of the Shining One.
  1172 | D:2      | Reached XP level 4. HP: 42/42 MP: 4/4
  1962 | D:4      | Reached XP level 5. HP: 49/49 MP: 5/5
  2009 | D:4      | Noticed an ice beast
  2025 | D:4      | Killed an ice beast
  2025 | D:4      | Reached skill level 2 in Maces & Flails
  2027 | D:4      | Noticed an ogre
  2138 | D:4      | Noticed Brandom's ghost (amateur TeNe)
  2163 | D:4      | Killed Brandom's ghost
  2163 | D:4      | Reached XP level 6. HP: 17/57 MP: 6/6
  2166 | D:4      | Reached skill level 3 in Maces & Flails
  2184 | D:4      | Reached skill level 5 in Armour
  2305 | D:4      | Reached XP level 7. HP: 57/64 MP: 7/7
  2335 | D:4      | Noticed Eustachio
  2365 | D:4      | Killed Eustachio
  2365 | D:4      | Reached skill level 4 in Maces & Flails
  2582 | D:5      | Entered Level 5 of the Dungeon
  2682 | D:5      | Reached skill level 5 in Maces & Flails
  2929 | D:5      | Reached skill level 5 in Fighting
  2929 | D:5      | Reached XP level 8. HP: 54/74 MP: 8/8
  3010 | D:5      | Found Haarrorch's Assorted Antiques.
  3156 | D:5      | Found a sparkling altar of Nemelex Xobeh.
  3210 | D:5      | Found a staircase to the Ecumenical Temple.
  3237 | Temple   | Entered the Ecumenical Temple
  3277 | Temple   | Became a worshipper of Makhleb the Destroyer
  3485 | D:6      | Noticed Prince Ribbit
  3642 | D:5      | Found Haarrorch's Assorted Antiques.
  3723 | D:5      | Found a sparkling altar of Nemelex Xobeh.
  3922 | D:5      | HP: 2/74 [Prince Ribbit (9)]
  3937 | D:5      | Killed Prince Ribbit
  3937 | D:5      | Reached skill level 6 in Maces & Flails
  4114 | D:6      | Reached skill level 7 in Maces & Flails
  4143 | D:6      | Found a snail-covered altar of Cheibriados.
  4404 | D:6      | Gained mutation: You passively map the area around you. [Deep Dwarf growth]
  4404 | D:6      | Reached XP level 9. HP: 39/82 MP: 9/9
  4498 | D:6      | Reached * piety under Makhleb
  4604 | D:6      | Noticed Sigmund
  4636 | D:6      | Killed Sigmund
  4859 | D:7      | Reached skill level 8 in Maces & Flails
  4893 | D:7      | Found a sand-covered staircase.
  4900 | Ossuary  | Entered an ossuary
  5587 | D:7      | Reached ** piety under Makhleb
  5587 | D:7      | Reached skill level 5 in Shields
  5756 | D:7      | Reached skill level 9 in Maces & Flails
  5926 | D:8      | Noticed Erica
  5953 | D:8      | Killed Erica
  5953 | D:8      | Reached XP level 10. HP: 89/94 MP: 10/10
  6179 | D:8      | Reached skill level 1 in Invocations
  6234 | D:8      | Noticed Psyche
  6234 | D:8      | Noticed Psyche
  6234 | D:8      | Psyche changed into Psyche the basilisk
  6243 | D:8      | Killed Psyche the basilisk
  6381 | D:8      | Found a staircase to the Lair.
  6501 | D:8      | Reached *** piety under Makhleb
  6506 | D:8      | Noticed Pikel
  6537 | D:8      | Splashed by Pikel's acid

Vault maps used:
D:1:      dpeg_arrival_boxorama, kennysheep_pointless_box, hex_medium,
          corexii_item_surrounded_by_moat, minmay_misc_feat_more_columns
D:2:      overflow_temple_1_default, tso_metal_star, nicolae_gozag_seed_capital,
          minivault_11
D:4:      uniq_eustachio
D:5:      nemelex_xobeh_ov_fountains_minmay, temple_hall, first_ration,
          serial_shops, nicolae_shop_behind_doors, lemuel_flame_loot_1
D:6:      basic_altar, uniq_sigmund, uniq_prince_ribbit1
D:7:      enter_ossuary_2, the_bakery, corexii_checkpoint_b, dk_noncrumbling_4,
          nrook_pool_corridor
D:8:      david_lair_shrubbed, special_room, uniq_joseph, uniq_psyche,
          uniq_pikel, uniq_erica
Temple:   eino_narrow_crystal_temple
Ossuary:  ossuary_tomb_3

Skill      XL: |  1  2  3  4  5  6  7  8  9 10 |
---------------+-------------------------------+-----
Axes           | 3 4 |  4.2
Fighting       | 3 4 5 6 7 |  7.4
Armour         | 4 5 6 7 8 |  8.8
Maces & Flails | 2 3 5 7 9 |  9.9
Shields        | 5 6 |  6.1
Invocations    | 2 |  2.6

Action                   |  1- 3 |  4- 6 |  7- 9 | 10-12 || total
-------------------------+-------+-------+-------+-------++-------
Melee: War axe           |    11 |       |       |       ||    11
       Whip              |   107 |   191 |   569 |   239 ||  1106
       Broad axe         |       |       |    21 |       ||    21
Invok: Lesser Servant of |       |       |       |     1 ||     1
 Abil: Heal Wounds       |       |       |     5 |     1 ||     6
Evoke: Wand              |       |       |       |     1 ||     1
  Use: Scroll            |       |       |     8 |     1 ||     9
       Potion            |       |       |     3 |     1 ||     4
  Eat: Ration            |     1 |       |     3 |       ||     4
       Chunk             |     2 |     4 |     7 |     3 ||    16
Armor: Scale mail        |    13 |       |       |       ||    13
       Chain mail        |    29 |    98 |   228 |    70 ||   425
Dodge: Dodged            |    31 |    31 |   100 |    43 ||   205
Block: Shield            |    82 |    88 |   236 |    85 ||   491

Table legend:
 A = Spawn XP
 B = Non-spawn XP
 C = Spawn XP percentage of total XP
 D = Spawn monster count
 E = Non-spawn monster count
 F = Spawn count percentage of total count
 G = Total turns spent on level
                    A         B        C        D         E        F      G
               +---------+---------+-------+---------+---------+-------+---------
         Total |       0 |    8203 |   0.0 |       0 |     202 |   0.0 |  6537
               +---------+---------+-------+---------+---------+-------+---------
           D:1 |       0 |      29 |   0.0 |       0 |      16 |   0.0 |   617
           D:2 |       0 |      86 |   0.0 |       0 |      26 |   0.0 |   726
           D:3 |       0 |      78 |   0.0 |       0 |      17 |   0.0 |   670
           D:4 |       0 |     854 |   0.0 |       0 |      22 |   0.0 |   569
           D:5 |       0 |     818 |   0.0 |       0 |       9 |   0.0 |  1292
           D:6 |       0 |    1615 |   0.0 |       0 |      28 |   0.0 |   864
           D:7 |       0 |    1374 |   0.0 |       0 |      22 |   0.0 |   911
           D:8 |       0 |    3196 |   0.0 |       0 |      46 |   0.0 |   611
       Ossuary |       0 |     153 |   0.0 |       0 |      16 |   0.0 |   221
               +---------+---------+-------+---------+---------+-------+---------
